 Dungeon Crawl Stone Soup version 0.28-a0-664-gc179e30c89 (webtiles) character file.

Game seed: 12885841806473663845

534975 KristoblXynda the Acrobat (level 27, -5/173 HPs)
             Began as a Kobold Gladiator on Oct 14, 2021.
             Was an Initiate of Gozag.
             Killed from afar by a starcursed mass (12 damage)
             ... with an accursed screaming
             ... on level 3 of the Abyss on Oct 15, 2021.
             The game lasted 02:47:09 (71679 turns).

KristoblXynda the Acrobat (Kobold Gladiator)       Turns: 71679, Time: 02:47:10

Health: -5/173     AC: 36    Str: 28    XL:     27
Magic:  46/46      EV: 29    Int: 22    God:    Gozag
Gold:   2957       SH:  9    Dex: 20    Spells: 41/46 levels left

rFire   + + .      SeeInvis +   c - +12 dagger of Ytiufiry {elec, rC+ rCorr Int+4}
rCold   + + +      Faith    .   L - +1 buckler {AC+3}
rNeg    + + .      Spirit   .   r - +7 chain mail of the Gloaming {Drain Regen+ rCorr SInv}
rPois   .          Reflect  .   M - +2 helmet of the Ward {rC+++ Regen+ MP+9 Stlth-}
rElec   +          Harm     .   V - +1 cloak "Eqic" {rElec Str+2 Int+3 Stlth+}
rCorr   +          Rampage  .   u - +1 pair of gloves "Dyetu" {rF+ rCorr}
Will    ++...                   z - +1 pair of boots of the Engineer {rC+ rN+ Str+4}
Stlth   +++++++...              j - amulet of Foson Xeo {Regen+ Dex+4}
HPRegen 0.00/turn               a - ring of see invisible
MPRegen 0.30/turn               f - ring of Yluud {rF+ rN+ rCorr Str+3 Stlth+}

@: about to teleport, diseased
A: small, no large weapons, nightstalker 3
}: 3/15 runes: serpentine, barnacled, silver
a: Renounce Religion, Potion Petition, Call Merchant, Bribe Branch


You were on level 3 of the Abyss.
You worshipped Gozag.
Gozag was most pleased with you.
You visited 10 branches of the dungeon, and saw 45 of its levels.
You visited the Abyss 1 time.
You also visited: Ossuary, Bailey, Ice Cave and Wizlab.

You collected 26315 gold pieces.
You spent 12151 gold pieces at shops.
You paid 11207 gold pieces to Gozag.

Inventory:

Hand Weapons
 c - the +12 dagger of Ytiufiry (weapon) {elec, rC+ rCorr Int+4}
   (You bought it in a shop on level 2 of the Orcish Mines)

   It occasionally discharges a powerful burst of electricity upon striking a
   foe.
   Int:       It affects your intelligence (+4).
   rC:        It protects you from cold.
   rCorr:     It protects you from acid and corrosion.
Missiles
 p - 11 throwing nets (quivered)
Armour
 r - the +7 chain mail of the Gloaming (worn) {Drain Regen+ rCorr SInv}
   (You bought it in a shop on level 1 of the Depths)

   SInv:      It lets you see invisible.
   Regen:     It increases your rate of health regeneration.
   rCorr:     It protects you from acid and corrosion.
   Drain:     It drains your maximum health when unequipped.
 u - the +1 pair of gloves "Dyetu" (worn) {rF+ rCorr}
   (You found it on level 2 of the Depths)

   rF:        It protects you from fire.
   rCorr:     It protects you from acid and corrosion.
 z - the +1 pair of boots of the Engineer (worn) {rC+ rN+ Str+4}
   (You found it on level 6 of the Dungeon)

   Str:       It affects your strength (+4).
   rC:        It protects you from cold.
   rN:        It protects you from negative energy.
 L - a +1 buckler of protection (worn)
 M - the +2 helmet of the Ward (worn) {rC+++ Regen+ MP+9 Stlth-}
   (You bought it in a shop on level 1 of the Orcish Mines)

   rC:        It renders you almost immune to cold.
   MP:        It affects your magic capacity (+9).
   Regen:     It increases your rate of health regeneration.
   Stlth:     It makes you less stealthy.
 V - the +1 cloak "Eqic" (worn) {rElec Str+2 Int+3 Stlth+}
   (You found it in a wizard's laboratory)

   Str:       It affects your strength (+2).
   Int:       It affects your intelligence (+3).
   rElec:     It insulates you from electricity.
   Stlth:     It makes you more stealthy.
Jewellery
 a - a ring of see invisible (left hand)
 f - the ring of Yluud (right hand) {rF+ rN+ rCorr Str+3 Stlth+}
   (You bought it in a shop on level 1 of the Depths)

   [ring of positive energy]

   Str:       It affects your strength (+3).
   rF:        It protects you from fire.
   rN:        It protects you from negative energy.
   rCorr:     It protects you from acid and corrosion.
   Stlth:     It makes you more stealthy.
 j - the amulet of Foson Xeo (around neck) {Regen+ Dex+4}
   (You acquired it on level 4 of the Lair of Beasts)

   [amulet of regeneration]

   Dex:       It affects your dexterity (+4).
   Regen:     It increases your rate of health regeneration.
Wands
 m - a wand of iceblast (16)
 t - a wand of digging (13)
 B - a wand of mindburst (42)
 I - a wand of paralysis (23)
 X - a wand of acid (6)
Scrolls
 e - 3 scrolls of magic mapping
 i - 4 scrolls of immolation
 q - 10 scrolls of fog
 v - a scroll of acquirement
 y - 9 scrolls of amnesia
 E - 3 scrolls of holy word
 F - 7 scrolls of blinking
 G - 2 scrolls of silence
 H - 21 scrolls of teleportation
 O - 26 scrolls of identify
Potions
 b - 6 potions of might
 g - 10 potions of attraction
 h - a potion of resistance
 k - 6 potions of heal wounds
 l - 29 potions of curing
 n - 11 potions of mutation
 o - 5 potions of flight
 s - 2 potions of magic
 A - 9 potions of brilliance
 D - a potion of haste
 N - 7 potions of ambrosia
 R - 5 potions of cancellation
Miscellaneous
 d - a lightning rod (4/4)
 x - a phantom mirror
 J - a condenser vane (inert)
 Q - a phial of floods
 T - a box of beasts


   Skills:
 - Level 18.1 Fighting
 - Level 22.1 Short Blades
 - Level 2.1 Throwing
 + Level 17.1 Armour
 + Level 25.6 Dodging
 - Level 20.0 Stealth
 + Level 10.0 Shields
 - Level 10.3 Spellcasting
 - Level 15.0 Conjurations
 + Level 11.0 Ice Magic
 - Level 10.2 Evocations


You had 41 spell levels left.
You knew the following spells:

 Your Spells              Type           Power      Damage    Failure   Level
a - Freezing Cloud        Conj/Ice/Air   24%        6-21      14%         5

Your spell library contained the following spells:

 Spells                   Type           Power      Damage    Failure   Level
 Freeze                   Ice            100%       1d11      1%          1
 Magic Dart               Conj           100%       1d8       1%          1
 Shock                    Conj/Air       100%       1d9       1%          1
 Searing Ray              Conj           100%       2d8       1%          2
 Static Discharge         Conj/Air       44%        N/A       1%          2
 Frozen Ramparts          Ice            100%       1d12      1%          3
 Ozocubu's Armour         Ice            56%        N/A       1%          3
 Hailstorm                Conj/Ice       62%        3d13      1%          4
 Iskenderun's Battlesphe  Conj           67%        2d12      1%          5
 Dazzling Flash           Conj/Hex       88%        N/A       2%          3
 Mephitic Cloud           Conj/Pois/Air  33%        N/A       7%          3
 Fulminant Prism          Conj/Hex       22%        3d13      9%          4
 Iskenderun's Mystic Bla  Conj/Tloc      44%        2d10      9%          4
 Animate Skeleton         Necr           22%        N/A       19%         1
 Pain                     Necr           44%        1d6       19%         1
 Summon Small Mammal      Summ           44%        N/A       19%         1
 Lightning Bolt           Conj/Air       22%        1d37      24%         5
 Blink                    Tloc           N/A        N/A       28%         2
 Call Imp                 Summ           11%        N/A       28%         2
 Corpse Rot               Necr/Air       N/A        N/A       28%         2
 Passwall                 Tmut/Erth      9%         N/A       28%         2
 Poisonous Vapours        Pois/Air       22%        N/A       28%         2
 Scorch                   Fire           22%        2d6       28%         2
 Slow                     Hex            11%        N/A       28%         2
 Call Canine Familiar     Summ           11%        N/A       50%         3
 Confusing Touch          Hex            11%        N/A       50%         3
 Gell's Gravitas          Tloc           5%         N/A       50%         3
 Ignite Poison            Fire/Tmut/Pois 11%        N/A       50%         3
 Inner Flame              Hex/Fire       11%        N/A       50%         3
 Lesser Beckoning         Tloc           11%        N/A       50%         3
 Portal Projectile        Hex/Tloc       22%        N/A       50%         3
 Summon Guardian Golem    Hex/Summ       11%        N/A       50%         3
 Swiftness                Air            11%        N/A       50%         3
 Teleport Other           Tloc           11%        N/A       50%         3
 Vampiric Draining        Necr           5%         2d6       50%         3
 Conjure Ball Lightning   Conj/Air       22%        3x3d6     78%         6
 Iron Shot                Conj/Erth      22%        9d5       78%         6
 Starburst                Conj/Fire      22%        6d7       78%         6
 Airstrike                Air            5%         N/A       88%         4
 Animate Armour           Summ/Erth      22%        N/A       88%         4
 Animate Dead             Necr           5%         N/A       88%         4
 Cause Fear               Hex            5%         N/A       88%         4
 Leda's Liquefaction      Hex/Erth       5%         N/A       88%         4
 Passage of Golubria      Tloc           N/A        N/A       88%         4
 Simulacrum               Ice/Necr       17%        N/A       96%         6
 Agony                    Necr           11%        N/A       99%         5
 Blade Hands              Tmut           5%         N/A       99%         5
 Borgnjor's Vile Clutch   Necr/Erth      5%         N/A       99%         5
 Excruciating Wounds      Necr           5%         N/A       99%         5
 Manifold Assault         Tloc           11%        N/A       99%         5
 Silence                  Hex/Air        5%         N/A       99%         5
 Summon Mana Viper        Hex/Summ       11%        N/A       99%         5
 Death Channel            Necr           5%         N/A       100%        6
 Dispersal                Tloc           5%         N/A       100%        6
 Invisibility             Hex            5%         N/A       100%        6
 Dragon Form              Tmut           5%         N/A       100%        7
 Malign Gateway           Summ/Tloc      5%         N/A       100%        7
 Monstrous Menagerie      Summ           5%         N/A       100%        7
 Discord                  Hex            5%         N/A       100%        8
 Disjunction              Tloc           5%         N/A       100%        8
 Maxwell's Capacitive Co  Air            5%         ∞         100%        8
 Dragon's Call            Summ           5%         N/A       100%        9
 Polar Vortex             Ice            28%        N/A       100%        9


Dungeon Overview and Level Annotations

Branches:
Dungeon (15/15)            Temple (1/1) D:5            Lair (6/6) D:9
 Shoals (4/4) Lair:3        Snake (4/4) Lair:2        Slime (0/5) Lair:6
    Orc (2/2) D:11            Elf (1/3) Orc:2        Vaults (5/5) D:13
  Crypt (3/3) Vaults:3       Tomb (0/3) Crypt:3      Depths (4/4) D:15
    Zot (0/5) Depths:4    Ossuary (visited)          Bailey (visited)
  IceCv (visited)          WizLab (visited)

Altars:
Ashenzari
Cheibriados
Dithmenos
Fedhas
Gozag
Hepliaklqana
Kikubaaqudgha
Makhleb
Nemelex Xobeh
Okawaru
Ru
Sif Muna
Trog
Uskayaw
Vehumet
Wu Jian
Xom
Yredelemnul
Zin
The Shining One
Beogh

Shops:
D:7 :   Orc:1 [   Orc:2 [*:([   Shoals:2 (*(!   Shoals:4 !   Snake:2 **?
Snake:3 !:(?   Snake:4 *   Vaults:4 =   Depths:1 *[[[*(=?*=*

Portals:
Hell: Depths:1 Depths:2 Depths:3 Depths:4
Abyss: Depths:3
Pandemonium: Depths:1 Depths:2
Ziggurat: Depths:3

Annotations:
Depths:3 3 runed translucent doors, Qeedatir's ghost, veteran VSFi


Innate Abilities, Weirdness & Mutations

You are small and have problems with some larger weapons.
You are completely attuned to the shadows.


Message History

A spatial vortex comes into view.
Unknown command.
Really walk into that cloud of poison gas? [Y]es or [N]o only, please.
Really walk into that cloud of poison gas?
Okay, then.
You hit the starcursed mass.
The starcursed mass is heavily damaged.
The starcursed mass shudders and is absorbed by its neighbour.
The starcursed mass misses you.
The starcursed mass completely misses you.
A starcursed mass splits.
A cacophony of accursed wailing tears at your sanity!
You suddenly lose the ability to move!
The large abomination hits you!
* * * LOW HITPOINT WARNING * * *
The starcursed mass touches you but does no damage.
The starcursed mass barely misses you.
A cacophony of accursed wailing tears at your sanity!
* * * LOW HITPOINT WARNING * * *
You shrug off the repeated paralysis!
The large abomination hits you but does no damage.
The starcursed mass touches you but does no damage.
The starcursed mass touches you but does no damage.
The starcursed mass touches you.
* * * LOW HITPOINT WARNING * * *
The large abomination hits you!!
* * * LOW HITPOINT WARNING * * *
The starcursed mass touches you but does no damage. x2
You can move again.
You feel much better.
The starcursed mass is no longer distracted by gold.
The large abomination hits you!!
* * * LOW HITPOINT WARNING * * *
You block the starcursed mass's attack.
The starcursed mass completely misses you.
The starcursed mass touches you but does no damage.
A cacophony of accursed wailing tears at your sanity!
You die...
Your body crumbles into a pile of gold.

# ..# .. # .
## .#. . #.
. # . ..X
§§. . X§
#..## X#...
..XXX##X#v..
#.#XxX@X§§v#
#§#X#X##v
.§§#X§. #
#..# §§..
#.. .....


You could see 11 starcursed masses, 3 spatial vortices, an ancient zyme and a
large abomination.

Vanquished Creatures
  The ghost of Johnny the Cryomancer, a veteran DrIE of Sif Muna (Vaults:1)
  Boris (Crypt:1)
  Margery (Vaults:4)
  Xtahua (Vaults:5)
  The ghost of Foasmeck the Peltast, a veteran MiFi of Qazlal (Vaults:1)
  3 golden dragons
  2 caustic shrikes
  The ghost of Bonn the Peltast, a veteran KoDe of Wu Jian (Vaults:1)
  2 profane servitors (Crypt:3)
  A bone dragon (Crypt:3)
  A Tzitzimitl (Depths:2)
  A shard shrike zombie (Crypt:3)
  A shard shrike skeleton (Crypt:2)
  3 tentacled monstrosities
  A walking crystal tome (Depths:3)
  Asterion (Snake:2)
  6 liches
  5 titans (Vaults:5)
  An ancient champion (Crypt:1)
  Agnes (D:14)
  3 tentacled starspawn
  A kraken (Shoals:1)
  Polyphemus (Shoals:3)
  An Executioner (Depths:2)
  A sphinx (Depths:1)
  4 shadow dragons
  5 tengu reavers
  4 storm dragons
  Kirke (Shoals:3)
  An azure jelly (D:15)
  A rockslime (shapeshifter) (Vaults:5)
  15 nagarajas (Snake:4)
  A revenant (Crypt:2)
  2 iron dragons
  6 frost giants
  2 deep elf sorcerers (Vaults:5)
  14 vault wardens
  3 orc warlords
  2 draconian scorchers
  6 fire giants
  A balrug (Abyss:3)
  A draconian shifter (WizLab)
  5 spectral caustic shrikes (Depths:2)
  3 juggernaut zombies (Depths:2)
  A spectral juggernaut (Depths:2)
  An angel (Abyss:3)
  A draconian stormcaller (Depths:4)
  6 caustic shrike zombies
  3 reapers (Depths:2)
  2 curse skulls
  12 ghouls
  2 spriggan defenders (Depths:2)
  13 very ugly things
  12 stone giants
  12 ironbound preservers
  3 war gargoyles
  6 vampire knights
  3 juggernaut skeletons (Depths:2)
  4 deep elf annihilators
  A deep elf demonologist (Vaults:5)
  10 dire elephants
  2 white draconians (Depths:4)
  A yellow draconian (Depths:4)
  5 spark wasps
  A spectral titan (Depths:2)
  5 merfolk javelineers (Shoals:4)
  A blizzard demon (Depths:1)
  A crystal guardian (Vaults:4)
  A mummy priest (Crypt:3)
  2 deep elf high priests
  14 ettins
  4 jiangshi
  8 eidola
  9 merfolk impalers
  Josephine (Lair:5)
  9 deep elf death magi
  12 yaktaur captains
  A quicksilver dragon zombie (Crypt:2)
  6 fire dragons
  Harold (D:7)
  A spectral golden dragon (Depths:2)
  6 ironbound thunderhulks
  Fannar (Lair:3)
  30 vault guards
  A spectral tengu (Depths:2)
  8 great orbs of eyes
  9 ice dragons
  A caustic shrike simulacrum (IceCv)
  A fenstrider witch zombie (Crypt:3)
  3 ogre magi
  5 rakshasas
  A spriggan air mage (Depths:4)
  22 naga warriors
  7 anacondas
  11 hydras
  10 ironbound frosthearts
  6 boulder beetles
  A peacekeeper (Vaults:4)
  3 catoblepae
  An alligator snapping turtle (Shoals:1)
  An anaconda (shapeshifter) (Vaults:5)
  5 merfolk avatars
  9 centaur warriors
  3 two-headed ogres
  A fenstrider witch skeleton (Crypt:2)
  3 satyrs (Shoals:4)
  3 tengu warriors
  5 merfolk aquamancers
  6 death knights
  4 vampire magi
  5 deep troll shamans
  22 naga sharpshooters
  4 thrashing horrors
  A titan zombie (Crypt:3)
  8 death yaks
  2 orc high priests (Orc:2)
  A shock serpent (shapeshifter) (Depths:4)
  A spriggan berserker (Depths:4)
  7 deep troll earth magi
  4 shock serpents
  2 soul eaters
  5 hell knights
  A spriggan (Depths:2)
  5 sun demons
  A titan skeleton (Depths:2)
  2 shadow wraiths (Crypt:2)
  5 deep elf knights (Elf:1)
  A salamander mystic (Snake:4)
  29 skeletal warriors
  17 sea snakes
  Nergalle (D:10)
  2 spectral death yaks (Lair:6)
  A storm dragon skeleton (Depths:2)
  An anaconda zombie (Crypt:3)
  44 deep trolls
  2 iron trolls
  A bunyip zombie (Crypt:3)
  3 glowing orange brains
  2 naga ritualists (Snake:1)
  A spectral anaconda (Lair:6)
  6 bog bodies
  3 deep elf archers (Elf:1)
  A lindwurm (shapeshifter) (Depths:3)
  10 flayed ghosts
  3 obsidian statues
  26 phantasmal warriors
  20 harpies
  24 ironbound convokers
  A harpy (shapeshifter) (Depths:3)
  An anaconda skeleton (WizLab)
  3 mana vipers (Snake:1)
  10 necromancers
  8 wizards
  2 shadow dragon zombies
  12 deep elf pyromancers
  12 deep elf zephyrmancers
  A large abomination (Abyss:3)
  6 orc knights
  A wolf spider (Crypt:3)
  18 lindwurms
  8 fauns
  2 tengu skeletons (Depths:2)
  5 oklob plants
  2 iron dragon zombies
  2 sphinx skeletons
  12 manticores
  A shadow dragon skeleton (Crypt:1)
  3 cyclopes
  37 ugly things
  8 orc sorcerers
  2 iron dragon skeletons (Depths:2)
  16 salamanders
  A manticore (shapeshifter) (Abyss:3)
  13 elephants (Lair:6)
  10 merfolk sirens
  An elephant (shapeshifter) (Depths:4)
  9 guardian serpents
  2 spriggan zombies
  33 black mambas
  An apocalypse crab (Abyss:3)
  A worldbinder (WizLab)
  A dire elephant zombie (Crypt:3)
  A shock serpent zombie (Crypt:1)
  A stone giant skeleton (WizLab)
  The ghost of TimeIsEndless the Ducker, a novice SpBe of Trog (D:5)
  3 water nymphs
  A rust devil (Depths:1)
  13 vault sentinels
  2 smoke demons
  22 naga magi
  An orange demon (WizLab)
  A gargoyle (D:11)
  3 unseen horrors
  A dire elephant skeleton (Crypt:1)
  A grey draconian zombie (Crypt:2)
  30 yaktaurs
  12 cane toads
  A demonspawn skeleton (WizLab)
  A kobold demonologist (Bailey)
  A demonic crawler (WizLab)
  2 efreet
  A rime drake (Lair:5)
  11 komodo dragons
  A swamp worm zombie (Crypt:1)
  2 anaconda simulacra (IceCv)
  19 freezing wraiths
  4 ice devils
  6 tengu conjurers
  A spectral glowing shapeshifter (Depths:2)
  2 entropy weaver simulacra (IceCv)
  2 golden dragon simulacra (IceCv)
  A tormentor (Depths:2)
  A human skeleton (WizLab)
  3 hellwings
  2 harpy zombies (Crypt:3)
  A hydra zombie (Crypt:2)
  29 merfolk
  An ancient zyme (WizLab)
  A hornet (Depths:2)
  A merfolk (shapeshifter) (Depths:1)
  4 trolls
  3 jumping spiders (Crypt:3)
  2 polar bears
  2 harpy skeletons (Crypt:1)
  5 wind drakes
  26 blink frogs
  2 raiju (Abyss:3)
  A frost giant simulacrum (Depths:2)
  12 dream sheep
  40 slime creatures
  10 snapping turtles
  3 spectral elephants (Lair:6)
  A fire giant simulacrum (Depths:2)
  A guardian serpent skeleton (Crypt:2)
  2 meliai zombies
  2 redbacks (Crypt:3)
  An ettin skeleton (Crypt:1)
  The ghost of RichitheSlayer the Skirmisher, an amateur OgFi (D:3)
  5 flying skulls (Crypt:1)
  An air elemental (Elf:1)
  12 wraiths
  3 shadows
  A spriggan simulacrum (IceCv)
  3 dire elephant simulacra (IceCv)
  A spriggan (shapeshifter) (D:13)
  4 wyverns
  2 ynoxinuls (WizLab)
  2 ushabtiu (Crypt:3)
  9 humans (D:13)
  22 water elementals
  The ghost of Lekart the Skirmisher, an amateur DrAK of Lugonu (D:4)
  47 yaks
  A hog (Shoals:3)
  2 basilisks
  A fire elemental (Elf:1)
  2 chaos spawn (Depths:1)
  A steam dragon (D:7)
  3 death yak simulacra (Lair:6)
  5 naga zombies
  6 harpy simulacra (IceCv)
  45 nagas
  5 spatial vortices (WizLab)
  6 vampire mosquitoes
  3 wargs
  An acid dragon (D:9)
  22 water moccasins
  A two-headed ogre zombie (Crypt:3)
  A wind drake skeleton (Crypt:1)
  A spectral cane toad (Lair:6)
  3 floating eyes
  A hell hound (WizLab)
  3 hydra simulacra (IceCv)
  4 black bears
  A faun skeleton (Crypt:1)
  An ice beast (Vaults:1)
  A hornet zombie (D:7)
  A sky beast (D:7)
  A swamp dragon zombie (Crypt:1)
  38 orc warriors
  2 ettin simulacra (IceCv)
  21 necrophages
  7 alligator simulacra (IceCv)
  An elephant zombie (Lair:6)
  21 ogres
  6 wolves (Lair:3)
  A rime drake zombie (Crypt:2)
  A blink frog skeleton (Crypt:2)
  16 centaurs
  A phantom (D:11)
  A torpor snail zombie (Crypt:1)
  5 elephant skeletons
  2 kobold brigands
  A fire crab zombie (Crypt:1)
  A palentonga zombie (Crypt:2)
  A gnoll sergeant (D:13)
  2 wyvern zombies (D:7)
  9 bullfrogs
  A scorpion (D:3)
  A cane toad simulacrum (Lair:6)
  A water moccasin zombie (D:7)
  6 wyvern skeletons (Crypt:3)
  A deep troll simulacrum (IceCv)
  A troll zombie (D:11)
  A lindwurm simulacrum (IceCv)
  5 wights
  2 elephant simulacra (Lair:6)
  4 howler monkeys
  3 electric eels
  5 quasits
  A wolf skeleton (Crypt:1)
  A starcursed mass (Abyss:3)
  A bullfrog zombie (D:5)
  A hound (D:5)
  Crazy Yiuf (D:4)
  6 centaur zombies
  A human zombie (D:7)
  A centaur skeleton (Crypt:1)
  A gnoll shaman (D:6)
  23 orc priests
  A water moccasin simulacrum (D:5)
  A jelly (D:8)
  Jessica (D:3)
  Ijyb (D:4)
  26 orc wizards
  6 hell rats (Lair:5)
  2 killer bee zombies (D:7)
  A bullfrog simulacrum (D:5)
  2 centaur simulacra (D:5)
  7 ogre zombies (D:11)
  A felid skeleton (Crypt:2)
  A hound skeleton (D:4)
  10 mummies
  14 gnolls
  A howler monkey skeleton (D:7)
  A howler monkey zombie (D:9)
  8 adders
  A hound simulacrum (D:5)
  A shadow imp (D:7)
  4 white imps
  2 ufetubi
  A dart slug (D:4)
  96 orcs
  9 ball pythons
  5 endoplasms (D:1)
  8 giant cockroaches
  2 gnoll zombies (Ossuary)
  8 hobgoblins
  16 kobolds
  5 quokkas
  5 bats
  5 frilled lizards
  19 goblins
  2 goblin zombies (D:11)
  8 hobgoblin zombies
  2 kobold zombies (Ossuary)
  4 orc skeletons (D:11)
  14 orc zombies
  A quokka skeleton (D:2)
  6 rats
  A butterfly (Lair:6)
  A starspawn tentacle (WizLab)
2037 creatures vanquished.

Vanquished Creatures (collateral kills)
  Mennas (Crypt:1)
1 creature vanquished.

Vanquished Creatures (others)
  Nikola (Shoals:1)
  An eldritch tentacle (WizLab)
  A fire giant (Depths:1)
  A deep elf death mage (Depths:2)
  A salamander tyrant (Snake:4)
  A dancing weapon (Elf:1)
  A deep elf zephyrmancer (Elf:1)
  3 merfolk
  2 humans (Shoals:3)
  2 spatial vortices (WizLab)
  A hobgoblin skeleton (D:11)
  25 fungi
  63 plants
  2 starspawn tentacles (WizLab)
  43 withered plants
148 creatures vanquished.

Grand Total: 2186 creatures vanquished

Notes
Turn   | Place    | Note
-------+----------+-------------------------------------------
     0 | D:1      | KristoblXynda the Kobold Gladiator began the quest for the
                  | Orb.
     0 | D:1      | Reached XP level 1. HP: 12/12 MP: 1/1
   342 | D:1      | Reached XP level 2. HP: 18/18 MP: 2/2
   350 | D:1      | Reached skill level 1 in Stealth
   635 | D:1      | Reached skill level 4 in Dodging
   661 | D:1      | Reached XP level 3. HP: 22/22 MP: 3/3
   685 | D:1      | Upgraded the game from 0.28-a0-661-g144af121cd to
                  | 0.28-a0-664-gc179e30c89
  1342 | D:2      | Reached XP level 4. HP: 27/27 MP: 4/4
  1948 | D:2      | Found a faded altar of an unknown god.
  2278 | D:3      | Found a transporter.
  2285 | D:3      | Noticed RichitheSlayer's ghost (amateur OgFi)
  2298 | D:3      | Reached XP level 5. HP: 27/32 MP: 5/5
  2351 | D:3      | Found a transporter.
  2597 | D:3      | Noticed Jessica
  2606 | D:3      | Killed Jessica
  2607 | D:3      | Reached skill level 5 in Short Blades
  2889 | D:3      | Reached XP level 6. HP: 38/38 MP: 6/6
  3492 | D:4      | Noticed Ijyb
  3508 | D:4      | Reached skill level 5 in Dodging
  3509 | D:4      | Killed Ijyb
  3593 | D:4      | Noticed an ogre
  3603 | D:4      | Killed an ogre
  3745 | D:4      | Identified the +3 pair of gloves "Roleogalo" {+Blink rPois}
  3851 | D:4      | Noticed an ogre
  3861 | D:4      | Killed an ogre
  3862 | D:4      | Reached XP level 7. HP: 7/43 MP: 7/7
  4170 | D:4      | Found a runed translucent door.
  4171 | D:4      | Noticed Lekart's ghost (amateur DrAK)
  4272 | D:4      | Reached skill level 1 in Armour
  4320 | D:4      | Noticed a yak
  4321 | D:4      | Noticed a yak
  4321 | D:4      | Noticed a yak
  4322 | D:4      | Noticed a yak
  4322 | D:4      | Noticed a yak
  4324 | D:4      | Noticed a yak
  4621 | D:3      | Identified a scroll of acquirement
  4621 | D:3      | Acquired 712 gold pieces
  4661 | D:3      | Reached skill level 5 in Stealth
  4684 | D:3      | Killed RichitheSlayer's ghost
  4685 | D:3      | Reached skill level 6 in Dodging
  4685 | D:3      | Reached XP level 8. HP: 43/48 MP: 8/8
  4798 | D:3      | Killed a yak
  4805 | D:3      | Killed a yak
  4993 | D:3      | Killed a yak
  5003 | D:3      | Killed a yak
  5004 | D:3      | Reached skill level 7 in Dodging
  5254 | D:3      | Killed a yak
  5255 | D:3      | Reached XP level 9. HP: 46/52 MP: 9/9
  5827 | D:4      | Found a runed translucent door.
  5830 | D:4      | Noticed Crazy Yiuf
  6308 | D:4      | Killed Crazy Yiuf
  6457 | D:4      | Killed Lekart's ghost
  6495 | D:5      | Entered Level 5 of the Dungeon
  6568 | D:5      | Reached skill level 8 in Dodging
  6797 | D:5      | Found a staircase to the Ecumenical Temple.
  6864 | D:5      | Found a bloodstained altar of Trog.
  6952 | D:5      | Found a runed translucent gate.
  6953 | D:5      | Found a runed translucent gate.
  6954 | D:5      | Found a runed translucent gate.
  7328 | Temple   | Entered the Ecumenical Temple
  7594 | D:5      | Noticed TimeIsEndless's ghost (novice SpBe)
  7630 | D:5      | Killed TimeIsEndless's ghost
  7812 | D:6      | Reached XP level 10. HP: 56/56 MP: 10/10
  8048 | D:6      | Identified the +1 pair of boots of the Engineer {rC+ rN+
                  | Str+4}
  8264 | D:6      | Reached skill level 9 in Dodging
  8569 | D:7      | Found an opulent altar of Gozag.
  8576 | D:7      | Became a worshipper of Gozag Ym Sagoz the Greedy
  8695 | D:7      | Found a shadowy altar of Dithmenos.
  8697 | D:7      | Reached skill level 10 in Short Blades
  8697 | D:7      | Reached skill level 5 in Armour
  8697 | D:7      | Noticed Harold
  8719 | D:7      | Killed Harold
  8720 | D:7      | Reached skill level 10 in Stealth
  9277 | D:7      | Found an ancient bone altar of Kikubaaqudgha.
  9436 | D:7      | Found Kukhuzu Osse's Self-Improvement Boutique.
  9689 | D:8      | Reached skill level 10 in Dodging
  9715 | D:8      | Found a sand-covered staircase.
  9721 | Ossuary  | Entered an ossuary
 10119 | D:8      | Reached XP level 11. HP: 55/62 MP: 11/11
 10269 | D:8      | Noticed a two-headed ogre
 10273 | D:8      | Killed a two-headed ogre
 10397 | D:8      | Reached skill level 5 in Fighting
 10650 | D:9      | Reached skill level 1 in Evocations
 10901 | D:9      | Noticed a six-headed hydra
 10906 | D:9      | Killed a six-headed hydra
 11063 | D:9      | Found a staircase to the Lair.
 11255 | D:9      | Reached skill level 11 in Dodging
 11592 | D:10     | Entered Level 10 of the Dungeon
 11599 | D:10     | Noticed Nergalle
 11603 | D:10     | Killed Nergalle
 11742 | D:10     | Identified the +1 leather armour "Quojiegi" {rN+}
 11765 | D:10     | Reached XP level 12. HP: 51/67 MP: 12/12
 12114 | D:11     | Reached skill level 5 in Evocations
 12168 | D:11     | Noticed a boulder beetle
 12172 | D:11     | Killed a boulder beetle
 12211 | D:11     | Learned a level 5 spell: Freezing Cloud
 12403 | D:11     | Reached skill level 12 in Dodging
 12456 | D:11     | Found a staircase to the Orcish Mines.
 12774 | D:11     | Noticed a boulder beetle
 12827 | D:11     | Killed a boulder beetle
 13690 | Orc:1    | Entered Level 1 of the Orcish Mines
 13690 | Orc:1    | Noticed an orc warlord
 13832 | D:11     | Killed an orc warlord
 14033 | Orc:1    | Found Luhal's Antique Armour Shoppe.
 14038 | Orc:1    | Bought a shiny buckler for 270 gold pieces
 14038 | Orc:1    | Bought a faintly glowing helmet for 342 gold pieces
 14038 | Orc:1    | Identified the +2 helmet of the Ward {rC+++ Regen+ MP+9
                  | Stlth-} (You bought it in a shop on level 1 of the Orcish
                  | Mines)
 14108 | Orc:1    | Acquired a manual of Fighting
 14558 | Orc:2    | Entered Level 2 of the Orcish Mines
 14599 | Orc:2    | Found Feim's Specific Store.
 14600 | Orc:2    | Found Xaened's General Store.
 14605 | Orc:2    | Bought a scroll of identify for 34 gold pieces
 14609 | Orc:2    | Bought a potion of curing for 45 gold pieces
 14610 | Orc:2    | Bought a potion of flight for 45 gold pieces
 14610 | Orc:2    | Bought a potion of lignification for 45 gold pieces
 14610 | Orc:2    | Bought a potion of berserk rage for 75 gold pieces
 14703 | Orc:2    | Reached skill level 1 in Shields
 14737 | Orc:2    | Paralysed by an orc sorcerer for 5 turns
 14755 | Orc:2    | Reached XP level 13. HP: 36/74 MP: 13/13
 14808 | Orc:2    | Found Pomoi's Book Shop.
 15071 | Orc:2    | Noticed an ogre mage
 15085 | Orc:2    | Reached skill level 13 in Dodging
 15099 | Orc:2    | Killed an ogre mage
 15305 | Orc:2    | Found Ynot's Antique Armour Emporium.
 15495 | Orc:2    | Found a staircase to the Elven Halls.
 15613 | Orc:2    | Noticed an orc warlord
 15635 | Orc:2    | Killed an orc warlord
 15848 | Orc:2    | Found Syarapp's Antique Armour Boutique.
 15849 | Orc:2    | Found Vasoneg's Antique Weapon Shop.
 15858 | Orc:2    | Bought a blackened dagger for 168 gold pieces
 15858 | Orc:2    | Identified the +12 dagger of Ytiufiry {elec, rC+ rCorr
                  | Int+4} (You bought it in a shop on level 2 of the Orcish
                  | Mines)
 15864 | Orc:2    | Bought glowing steam dragon scales for 860 gold pieces
 16108 | D:12     | You fall into a shaft and drop 2 floors!
 16126 | D:14     | Noticed a seven-headed hydra
 16133 | D:14     | Killed a seven-headed hydra
 16153 | D:14     | Found a flagged portal.
 16169 | Bailey   | Entered a bailey
 16241 | Bailey   | Found an iron altar of Okawaru.
 16489 | Bailey   | Acquired the +3 Elemental Staff {rElec rF++ rC++ AC+5}
 16489 | Bailey   | Found the +3 Elemental Staff {rElec rF++ rC++ AC+5}
 16533 | Bailey   | Reached skill level 15 in Short Blades
 16950 | D:14     | Reached skill level 14 in Dodging
 16958 | D:14     | Reached skill level 10 in Fighting
 17500 | D:14     | Noticed Agnes
 17503 | D:14     | Killed Agnes
 17504 | D:14     | Reached XP level 14. HP: 88/88 MP: 14/14
 17700 | D:14     | Reached skill level 5 in Shields
 18110 | D:15     | Entered Level 15 of the Dungeon
 18280 | D:15     | Reached skill level 15 in Dodging
 18335 | D:15     | Noticed an azure jelly
 18343 | D:15     | Killed an azure jelly
 18354 | D:15     | Found a frozen archway.
 18362 | IceCv    | Entered an ice cave
 18547 | IceCv    | Noticed a white very ugly thing
 18553 | IceCv    | Killed a white very ugly thing
 19249 | IceCv    | Found an ancient bone altar of Kikubaaqudgha.
 19409 | IceCv    | Noticed a lich
 19415 | IceCv    | Killed a lich
 19416 | IceCv    | Reached XP level 15. HP: 100/100 MP: 15/15
 19429 | IceCv    | Reached skill level 16 in Dodging
 20049 | D:15     | Found a glowing golden altar of the Shining One.
 20218 | D:15     | Found a staircase to the Depths.
 20729 | D:13     | Found a gate to the Vaults.
 20905 | D:13     | Reached skill level 15 in Fighting
 21021 | D:13     | Reached skill level 15 in Stealth
 21765 | D:12     | You fall into a shaft and drop 1 floor!
 22528 | Lair:1   | Entered Level 1 of the Lair of Beasts
 22636 | Lair:1   | Found a basalt altar of Yredelemnul.
 22671 | Lair:1   | Found a broken altar of Ashenzari.
 22732 | Lair:1   | Reached skill level 1 in Conjurations
 22909 | Lair:1   | Reached skill level 17 in Dodging
 23367 | Lair:2   | Paralysed by a floating eye for 4 turns
 23814 | Lair:2   | Found a staircase to the Snake Pit.
 24932 | Lair:3   | Reached XP level 16. HP: 108/108 MP: 16/16
 25172 | Lair:3   | Noticed Fannar
 25189 | Lair:3   | Killed Fannar
 25534 | Lair:3   | Found a staircase to the Shoals.
 27187 | Lair:4   | Acquired the amulet of Foson Xeo {Regen+ Dex+4}
 27356 | Lair:5   | Noticed Josephine
 27383 | Lair:5   | Killed Josephine
 27713 | Lair:5   | You fall into a shaft and drop 1 floor!
 27713 | Lair:6   | Entered Level 6 of the Lair of Beasts
 28088 | Lair:6   | Reached skill level 5 in Conjurations
 28145 | Lair:6   | Found a staircase to the Slime Pits.
 28742 | Lair:6   | Reached skill level 18 in Dodging
 29304 | Lair:6   | Reached XP level 17. HP: 106/113 MP: 17/17
 29783 | Lair:5   | You fall into a shaft and drop 1 floor!
 30937 | Depths:1 | Entered Level 1 of the Depths
 30981 | Depths:1 | Bought a spiked helmet for 332 gold pieces
 30981 | Depths:1 | Identified the +2 helmet "Uluy" {rCorr Int+6} (You bought
                  | it in a shop on level 1 of the Depths)
 30981 | Depths:1 | Bought a glowing buckler for 262 gold pieces
 30988 | Depths:1 | Bought a glowing scale mail for 245 gold pieces
 30988 | Depths:1 | Bought a glowing scale mail for 245 gold pieces
 31019 | Depths:1 | Found Qicaxkoe's General Store.
 31026 | Depths:1 | Bought a potion of heal wounds for 100 gold pieces
 31718 | Depths:1 | Found a one-way gate leading to the halls of Pandemonium.
 31895 | Depths:1 | Found Miag's Assorted Antiques.
 31900 | Depths:1 | Bought a potion of might for 144 gold pieces
 31900 | Depths:1 | Bought a potion of haste for 360 gold pieces
 31900 | Depths:1 | Bought a scroll of teleportation for 108 gold pieces
 31900 | Depths:1 | Bought a potion of mutation for 288 gold pieces
 31930 | Depths:1 | Noticed a sphinx
 31934 | Depths:1 | Killed a sphinx
 32247 | Depths:1 | Found a gateway to Hell.
 32292 | Depths:1 | Found a blossoming altar of Fedhas.
 32382 | Depths:1 | Noticed a lich
 32396 | Depths:1 | Reached skill level 19 in Dodging
 32429 | Depths:1 | Killed a lich
 32452 | Depths:1 | Reached XP level 18. HP: 119/119 MP: 18/18
 32842 | Depths:1 | Noticed a caustic shrike
 32882 | Depths:1 | Reached XP level 19. HP: 73/124 MP: 19/19
 32900 | Depths:1 | Killed a caustic shrike
 32954 | Depths:1 | Got the Collected Works on the Gliding Escort
 33568 | Snake:1  | Entered Level 1 of the Snake Pit
 34436 | Snake:1  | Reached skill level 10 in Armour
 35714 | Snake:2  | Found Rist's General Store.
 35714 | Snake:2  | Found Efac's General Store.
 35718 | Snake:2  | Bought a scroll of teleportation for 48 gold pieces
 35718 | Snake:2  | Found Yliaju's Magic Scroll Shoppe.
 35720 | Snake:2  | Bought a potion of heal wounds for 65 gold pieces
 35720 | Snake:2  | Bought a scroll of teleportation for 39 gold pieces
 35722 | Snake:2  | Bought a scroll of brand weapon for 340 gold pieces
 35722 | Snake:2  | Bought a scroll of blinking for 127 gold pieces
 35722 | Snake:2  | Bought a scroll of blinking for 127 gold pieces
 35722 | Snake:2  | Bought a scroll of acquirement for 884 gold pieces
 35723 | Snake:2  | Acquired 1066 gold pieces
 35914 | Snake:2  | Identified the +5 kite shield of Gykeh {-Cast Rampage +Inv
                  | rCorr}
 35914 | Snake:2  | Noticed Asterion
 35930 | Snake:2  | Killed Asterion
 36572 | Snake:3  | HP: 4/124 [constriction (4)]
 36737 | Snake:3  | Found Haipru Xeoj's Magic Scroll Shoppe.
 36740 | Snake:3  | Found Birap's Book Emporium.
 36741 | Snake:3  | Found Hocon's Antique Weapon Shoppe.
 36746 | Snake:3  | Found Weeto's Distillery.
 36754 | Snake:3  | Reached skill level 20 in Dodging
 36757 | Snake:3  | Bought a potion of mutation for 152 gold pieces
 36963 | Snake:3  | Reached skill level 10 in Conjurations
 37761 | Snake:4  | Entered Level 4 of the Snake Pit
 37835 | Snake:3  | Acquired a manual of Armour
 37920 | Snake:4  | Reached XP level 20. HP: 130/130 MP: 21/21
 37923 | Snake:4  | Reached skill level 1 in Spellcasting
 37976 | Snake:4  | Found Cir Jycsie's CLEARANCE SALE!.
 37988 | Snake:4  | Bought a wand of charming (4) for 12 gold pieces
 38709 | Snake:4  | Got a serpentine rune of Zot
 39445 | Shoals:1 | Entered Level 1 of the Shoals
 39600 | Shoals:1 | Noticed Nikola
 39624 | Shoals:1 | Killed Nikola
 39950 | Shoals:1 | Reached skill level 5 in Spellcasting
 40886 | Shoals:2 | Found Bunagaur's Weapon Emporium.
 40902 | Shoals:2 | Found Lonugh's Assorted Antiques.
 41125 | Shoals:2 | Found Vocwiafuywk's Distillery.
 41134 | Shoals:2 | Bought a potion of curing for 42 gold pieces
 41134 | Shoals:2 | Bought a potion of curing for 42 gold pieces
 41134 | Shoals:2 | Bought a potion of heal wounds for 70 gold pieces
 41134 | Shoals:2 | Bought a potion of curing for 42 gold pieces
 41134 | Shoals:2 | Bought a potion of curing for 42 gold pieces
 41821 | Shoals:2 | Found Lyjoajusch's Weapon Boutique.
 41825 | Shoals:2 | Bought the +5 rapier of Mana {vorpal, *Slow rF+ rC+ Will+}
                  | for 780 gold pieces
 42346 | Shoals:3 | Reached XP level 21. HP: 103/135 MP: 29/29
 42346 | Shoals:3 | Noticed Polyphemus
 42366 | Shoals:3 | Killed Polyphemus
 42400 | Shoals:2 | Bought a glowing scale mail for 168 gold pieces
 42400 | Shoals:2 | Bought a grey potion for 21 gold pieces
 42400 | Shoals:2 | Bought a potion of curing for 72 gold pieces
 42400 | Shoals:2 | Bought a potion of curing for 72 gold pieces
 42764 | Shoals:3 | Noticed Kirke
 42769 | Shoals:3 | Killed Kirke
 43504 | Shoals:4 | Entered Level 4 of the Shoals
 43882 | Shoals:4 | Identified the +6 hunting sling of Propriety {vorpal,
                  | Fragile rElec rC+++ Dex-5}
 44222 | Shoals:4 | Found Vobogg's Distillery.
 44226 | Shoals:4 | Bought a potion of heal wounds for 80 gold pieces
 44226 | Shoals:4 | Bought 2 potions of might for 128 gold pieces
 44226 | Shoals:4 | Bought a potion of brilliance for 64 gold pieces
 44306 | Shoals:4 | Got a barnacled rune of Zot
 44740 | Shoals:4 | Got the Incunabulum of the Unholy Volcanoes
 44787 | Shoals:4 | Reached skill level 21 in Dodging
 46000 | Depths:2 | Identified the -4 pair of boots "Xeisets" {Fly rF+++ Dex-5
                  | Stlth+}
 46841 | Depths:2 | Identified the +1 pair of gloves "Dyetu" {rF+ rCorr}
 47019 | Depths:2 | Reached XP level 22. HP: 138/139 MP: 33/33
 47624 | Depths:2 | Found an ancient bone altar of Kikubaaqudgha.
 47837 | Depths:2 | Found the +2 hat of the Bear Spirit {Spirit, *Rage rN+
                  | Will++}
 47988 | Depths:2 | Acquired the +0 staff of Battle
 47988 | Depths:2 | Found the +0 staff of Battle
 47996 | Depths:2 | Acquired +0 shadow dragon scales
 49037 | Depths:1 | Bought a glowing quick blade for 504 gold pieces
 49037 | Depths:1 | Bought a scroll of brand weapon for 560 gold pieces
 49037 | Depths:1 | Bought a notched sapphire ring for 140 gold pieces
 49068 | Depths:1 | Identified the +0 chain mail of the Vestibule of Hell
                  | {-Cast rF+++ Str+3}
 49297 | Vaults:1 | Entered Level 1 of the Vaults
 50540 | Vaults:1 | Found a runed translucent gate.
 50540 | Vaults:1 | Found a runed translucent gate.
 50540 | Vaults:1 | Found a runed translucent gate.
 50923 | Vaults:1 | Noticed Johnny's ghost (veteran DrIE)
 50923 | Vaults:1 | Noticed Foasmeck's ghost (veteran MiFi)
 50924 | Vaults:1 | Noticed Bonn's ghost (veteran KoDe)
 50926 | Vaults:1 | Killed Johnny's ghost
 50928 | Vaults:1 | Killed Bonn's ghost
 50985 | Vaults:1 | Killed Foasmeck's ghost
 51006 | Vaults:1 | Identified the ring "Egim" {Ice Fly}
 51078 | Vaults:2 | Reached skill level 15 in Armour
 51199 | Vaults:2 | Identified the ring of Music {rN+ Will+ rCorr Int+6 Dex-3}
 51531 | Vaults:2 | Reached skill level 22 in Dodging
 51670 | Vaults:2 | Reached XP level 23. HP: 145/145 MP: 36/36
 52233 | Vaults:2 | Reached skill level 10 in Spellcasting
 52440 | Vaults:2 | Identified the +1 robe "Tufayd" {-Tele Will+++ Str+7 Int+2}
 54504 | Vaults:3 | Found a staircase to the Crypt.
 55220 | Vaults:4 | Found Zuaweph's Jewellery Emporium.
 56261 | Vaults:5 | Entered Level 5 of the Vaults
 56278 | Vaults:5 | Reached XP level 24. HP: 66/152 MP: 37/37
 56284 | Vaults:5 | Reached skill level 15 in Conjurations
 56620 | Vaults:5 | Noticed Margery
 56657 | Vaults:4 | Reached skill level 1 in Ice Magic
 57073 | Depths:1 | Bought a runed chain mail for 262 gold pieces
 57302 | Depths:3 | Reached skill level 23 in Dodging
 57304 | Depths:3 | Noticed a caustic shrike
 57320 | Depths:3 | Killed a caustic shrike
 57382 | Depths:3 | You fall into a shaft and drop 1 floor!
 57382 | Depths:4 | Entered Level 4 of the Depths
 57881 | Depths:4 | Found a gate to the Realm of Zot.
 58242 | Depths:4 | Found a shadowy altar of Dithmenos.
 58441 | Depths:4 | Noticed a golden dragon
 58470 | Depths:4 | Killed a golden dragon
 59128 | Depths:3 | Found a one-way gate to the infinite horrors of the Abyss.
 59155 | Depths:3 | Found a broken altar of Ashenzari.
 59243 | Depths:3 | Found a runed translucent gate.
 59244 | Depths:3 | Found a runed translucent gate.
 59246 | Depths:3 | Found a runed translucent gate.
 59434 | Depths:3 | Found a gateway to a ziggurat.
 59812 | Depths:3 | Reached skill level 5 in Ice Magic
 60064 | Depths:3 | Noticed Qeedatir's ghost (veteran VSFi)
 60444 | Vaults:4 | Killed Margery
 60684 | Vaults:5 | Reached XP level 25. HP: 79/160 MP: 37/37
 61217 | Vaults:5 | Identified the +5 long sword of Exhibitionism {vamp, Str+3}
 61541 | Vaults:5 | Identified the +5 dagger "Wiena" {drain, rElec rC+}
 61832 | Vaults:5 | Identified the +10 hunting sling of Theory {freeze, SInv}
 61834 | Vaults:5 | Got a silver rune of Zot
 61917 | Vaults:5 | Reached skill level 24 in Dodging
 62003 | Vaults:5 | Identified the ring of Retehaqiqi {*Slow rF+ AC+4 Dex+5}
 62235 | Vaults:5 | Noticed Xtahua
 62270 | Vaults:5 | Killed Xtahua
 62278 | Vaults:5 | Reached skill level 10 in Evocations
 62390 | Vaults:5 | Identified the +0 robe of Negligence {rF+ rCorr Dex+2}
 62399 | Vaults:5 | Got Plog's Collected Works on Poisonous Snow
 63014 | Depths:1 | Bought an agate-encrusted chain mail for 370 gold pieces
 63014 | Depths:1 | Identified the +7 chain mail of the Gloaming {Drain Regen+
                  | rCorr SInv} (You bought it in a shop on level 1 of the
                  | Depths)
 63014 | Depths:1 | Bought a pitted kite shield for 370 gold pieces
 63014 | Depths:1 | Identified the +4 kite shield of Distant Worlds {Str+10}
                  | (You bought it in a shop on level 1 of the Depths)
 63204 | Crypt:1  | Entered Level 1 of the Crypt
 63432 | Crypt:1  | Noticed Mennas
 63703 | Crypt:1  | Noticed Boris
 63712 | Crypt:1  | Killed Boris
 64145 | Crypt:1  | Killed Mennas
 64544 | Crypt:1  | Reached XP level 26. HP: 155/167 MP: 37/37
 65188 | Crypt:2  | Found a magical portal.
 65193 | WizLab   | Entered The Roulette of Golubria
 65193 | WizLab   | Found a transporter.
 65241 | WizLab   | Found a transporter.
 65278 | WizLab   | Found a transporter.
 65279 | WizLab   | Found a corrupted altar of Lugonu.
 65355 | WizLab   | Found a transporter.
 65434 | WizLab   | Found a transporter.
 65437 | WizLab   | Found a transporter.
 65474 | WizLab   | Found a transporter.
 65509 | WizLab   | Found a transporter.
 65549 | WizLab   | Found a transporter.
 65677 | WizLab   | Found a transporter.
 65767 | WizLab   | Found a transporter.
 65839 | WizLab   | Found the +1 cloak of Starlight {*Dazzle EV+4 Stlth--}
 65841 | WizLab   | Found a corrupted altar of Lugonu.
 65870 | WizLab   | Identified the +0 cloak of the Swan {rF- rC++ Dex+4}
 65875 | WizLab   | Identified the +1 cloak "Eqic" {rElec Str+2 Int+3 Stlth+}
 65893 | WizLab   | Found a transporter.
 65894 | WizLab   | Identified the +2 cloak of Moes {rF++ Str-4}
 66073 | WizLab   | Found a transporter.
 66074 | WizLab   | Found a transporter.
 66157 | WizLab   | Found a transporter.
 66159 | WizLab   | Found a transporter.
 66183 | WizLab   | Got Golubria's Grimoire of Translocation
 66232 | WizLab   | Found a transporter.
 66233 | WizLab   | Found a transporter.
 66277 | WizLab   | Found a transporter.
 66277 | WizLab   | Found a transporter.
 67249 | Crypt:3  | Entered Level 3 of the Crypt
 67486 | Crypt:3  | Reached skill level 25 in Dodging
 67908 | Crypt:3  | Found a basalt altar of Yredelemnul.
 67954 | Crypt:3  | Reached skill level 10 in Ice Magic
 68364 | Crypt:3  | Found a staircase to the Tomb.
 69352 | Crypt:3  | Acquired the +8 Vampire's Tooth {vamp}
 69352 | Crypt:3  | Found the +8 Vampire's Tooth {vamp}
 70229 | Elf:1    | Entered Level 1 of the Elven Halls
 70403 | Depths:1 | Bought a potion of mutation for 384 gold pieces
 70410 | Depths:1 | Bought a scroll of enchant weapon for 112 gold pieces
 70410 | Depths:1 | Bought a scroll of teleportation for 45 gold pieces
 70410 | Depths:1 | Bought a scroll of teleportation for 45 gold pieces
 70427 | Depths:1 | Bought the ring of Yluud {rF+ rN+ rCorr Str+3 Stlth+} for
                  | 974 gold pieces
 70429 | Depths:1 | Bought a ring of ice for 500 gold pieces
 70429 | Depths:1 | Bought a ring of protection from cold for 500 gold pieces
 70666 | Elf:1    | Paralysed by an air elemental for 1 turns
 71179 | Elf:1    | Got Ypoustraq's Disquisition on Attacks
 71196 | Elf:1    | Reached XP level 27. HP: 173/173 MP: 37/37
 71318 | Elf:1    | Cast into level 3 of the Abyss (+4 glaive of distortion)
 71553 | Abyss:3  | Reached skill level 10 in Shields
 71656 | Abyss:3  | Paralysed by accursed screaming for 2 turns
 71676 | Abyss:3  | Paralysed by accursed screaming for 2 turns
 71678 | Abyss:3  | HP: 3/173 [large abomination (19)]
 71679 | Abyss:3  | Killed from afar by a starcursed mass

Illustrated notes

Levels and vault maps discovered:
D:1:      onia_arrival_pentagram, layout_basic, corexii_item_surrounded_by_moat,
          hangedman_decor_lopped, minmay_three_crescents
D:2:      minmay_spotlight, layout_rooms, shapermc_ecumenical_altar_petra,
          serial_aquarium, aquarium_bridge_square [aquarium_subvault_bridge,
          aquarium_subvault_balcony, aquarium_subvault_window,
          aquarium_subvault_bridge], aquarium_window_corridor_1,
          aquarium_window_fake, aquarium_window_1, aquarium_window_double,
          aquarium_view_2e, minmay_surrounded
D:3:      layout_loops_corners, nicolae_overflow_hidden_temple,
          gammafunk_ghost_stat_death, uniq_jessica
D:4:      layout_gridville, ebering_ghost_inner_flame,
          corexii_hall_statues_deadend, uniq_ijyb, uniq_crazy_yiuf_cottage
D:5:      layout_cave_pools, lemuel_crystal_altar, temple_fountains,
          gammafunk_ghost_icy
D:6:      layout_rooms, eino_tiny_chamber, grunt_ministairs_6
D:7:      layout_loops_cross, mainiacjoe_overflow_chevrons,
          lemuel_mausoleum_altar_kikubaaqudgha, grunt_gozag_breadcrumbs,
          nicolae_shop_self_help, uniq_harold
D:8:      layout_rooms, nicolae_ossuary_entry_ruins
D:9:      layout_basic, david_lair_generic
D:10:     layout_cross, hangedman_abyss_or_decor_stabs, uniq_nergalle
D:11:     layout_loops_corners, zombieorc2_lemuel, lemuel_flame_loot_1
D:12:     layout_basic
D:13:     layout_loops_ring, ximxim_vaults_locker_room, drop_trap
D:14:     layout_stronghold, enter_bailey_5, uniq_agnes
D:15:     grunt_enter_depths_hoard, layout_small_grid,
          nicolae_tso_swordbearing_angel, portal_ice_cave_entry_frozen_things
Temple:   eino_temple_scatter_basement
Lair:1:   layout_hall_layers, basic_altar, lemuel_centaur_altar
Lair:2:   layout_cave_pods, minmay_snake_entry_six_corridors, disabler_island
Lair:3:   layout_regular_city, minmay_shoals_entry_lonely_mermaid, uniq_fannar
Lair:4:   layout_layer_cave, serial_bayou_shore_a, grunt_megastairs_5,
          lemuel_fruit_tree
Lair:5:   layout_layer_cave, dpeg_oklob_1, uniq_josephine
Lair:6:   due_jungle_book, layout_regular_city, slime_dummy, lemuel_fruit_fields
Shoals:1: layout_shoals, uniq_nikola
Shoals:2: layout_shoals, serial_shops, nicolae_take_the_stairs, shop, shop,
          nicolae_shop_crystal
Shoals:3: layout_shoals, nicolae_shoals_water_elemental_grotto, uniq_kirke,
          uniq_polyphemus, uniq_ilsuiw
Shoals:4: shoals_end_hangedman, layout_shoals, shoals_ilsuiw_alternative,
          serial_shops, shop
Snake:1:  layout_grid_shapes
Snake:2:  layout_layer_cave, hangedman_snake_pattern,
          nicolae_snake_serpentine_hallways, minmay_shop_star, uniq_asterion
Snake:3:  layout_honeycomb, minmay_shoptagon
Snake:4:  grunt_snake_rune_spirals, layout_onion_interference,
          nicolae_shop_clearance
Orc:1:    layout_diamond_mine, serial_shops, shop
Orc:2:    grunt_orc_community_town_hall, layout_caves,
          grunt_orc_community_big_house_1, grunt_orc_community_big_house_2,
          grunt_orc_community_house_2, grunt_orc_community_house_1,
          grunt_orc_community_house_3, grunt_orc_community_house_1,
          grunt_orc_community_house_3, nicolae_specific_store, mines4_lemuel
Elf:1:    nicolae_elf_arrival_no_cutting_in_line, layout_geoelf_octagon,
          special_room [special_room_orc], minmay_elf_annihilation,
          lemuel_upstairs_altar
Vaults:1: gammafunk_ghost_cemetery, nicolae_vaults_mini_display_case, v_misc_2,
          grunt_vaults_funnel, nicolae_vaults_sealed_display,
          nicolae_vaults_shelves_hall, hangedman_vaults_hat, serial_ice_h,
          ontoclasm_vaults_pinch, vaults_room_hangedman_quadrants,
          hangedman_vaults_cutoff, ontoclasm_vaults_bender,
          grunt_vaults_hallway_short, vaults_dpeg_encased_lava,
          layout_vaults_ring
Vaults:2: vaults_room_fours, nicolae_vaults_lopsided_apartments,
          nicolae_vaults_ninety_degrees, vaults_room_fancy_cross,
          ontoclasm_vaults_idyll, v_misc_24, ontoclasm_vaults_hangar,
          nicolae_vaults_shelves_hall, hangedman_vaults_maws,
          hangedman_vaults_nails, nicolae_vaults_windows_and_doors_thing,
          vaults_room_fours, vaults_room_pools, nicolae_vaults_asterisk,
          layout_vaults_big_cross
Vaults:3: hangedman_vaults_stretched_pinwheel, ontoclasm_vaults_claustrophobia,
          minmay_crypt_entry_simple_round, vaults_dpeg_diagonal,
          vaults_standard_mumra_enter_the_diamond, vaults_room_ringed_pool,
          nicolae_vaults_border_crossing, vaults_dpeg_hooks,
          nicolae_vaults_little_squares_2, vaults_room_door_ring, v_misc_28,
          layout_vaults_quadrants
Vaults:4: v_misc_33, hangedman_vaults_snaps, v_misc_9, serial_ice_m,
          nicolae_vaults_what_the_h, hangedman_vaults_nails,
          ontoclasm_vaults_chip, layout_vaults_big_room, serial_shops,
          shop_fountains
Vaults:5: serial_shops, uniq_margery, uniq_xtahua
Crypt:1:  layout_misc_corridors, minmay_misc_feat_alley, minivault_5,
          nicolae_crypt_niches, roderic_lattice_octagonal_star, uniq_boris,
          uniq_mennas
Crypt:2:  layout_misc_corridors, mu_enter_wizlab_1
Crypt:3:  evilmike_haunted_forest
Depths:1: minmay_the_grid_triangle_9x9_rhombus_full
          [minmay_the_grid_triangle_9x9_zippers_horizontal,
          minmay_the_grid_triangle_9x9_negative_grid,
          minmay_the_grid_triangle_9x9_checkered,
          minmay_the_grid_triangle_9x9_thin_v,
          minmay_the_grid_triangle_9x9_shrine,
          minmay_the_grid_triangle_9x9_stretched_checkered,
          minmay_the_grid_triangle_9x9_cache,
          minmay_the_grid_triangle_9x9_prize_top_heavy], layout_honeycomb,
          serial_shops, nicolae_diamond_shop, shop, moated_statue,
          grunt_pan_entry_zigzag, hell_entry, minmay_misc_feat_doors,
          kennysheep_two_boxes, serial_bayou_shore_b
Depths:2: evilmike_negative_zone, layout_cave_shapes, pf_hell_entry_tar_river,
          nicolae_twisting_strands, rand_demon_pan_entry_7
Depths:3: minmay_curly_fans, layout_gridville, enter_ziggurat_d,
          abyss_entry_glasseish, gammafunk_ghost_tricky_traps,
          ashenzari_conservatory_becter, hell_entry
Depths:4: evilmike_zot_entry_diamond, layout_cave_shapes, hell_entry,
          nicolae_dithmenos_the_darkroom
Abyss:3:  base: Crypt:2, hangedman_cross_veins, kilobyte_mutagenic_chamber,
          evilmike_abyss_rune_tso_outpost, serial_sigils_hangedman_shear

Skill      XL: |  1  2  3  4  5  6  7  8  9 10 11 12 13 14 15 16 17 18 19 20 21 22 23 24 25 26 27 |
---------------+----------------------------------------------------------------------------------+-----
Stealth        | 1 2 3 4 5 7 9 11 12 14 15 17 18 19 20 | 20.0
Dodging        | 4 5 6 7 8 10 11 12 14 15 17 18 19 20 21 22 23 24 25 | 25.6
Fighting       | 3 4 5 6 10 14 15 16 17 18 | 18.1
Short Blades   | 5 6 8 9 10 12 13 15 17 18 19 20 21 22 | 22.1
Armour         | 1 3 4 5 6 8 9 10 12 13 15 16 17 | 17.1
Evocations     | 4 7 9 10 | 10.2
Shields        | 1 4 7 8 9 10 | 10.0
Conjurations   | 2 6 8 10 11 12 13 14 15 | 15.0
Spellcasting   | 5 7 9 10 | 10.3
Ice Magic      | 5 8 10 11 | 11.0
Throwing       | |  2.1

Action                   |  1- 3 |  4- 6 |  7- 9 | 10-12 | 13-15 | 16-18 | 19-21 | 22-24 | 25-27 || total
-------------------------+-------+-------+-------+-------+-------+-------+-------+-------+-------++-------
Melee: Rapier            |    70 |    30 |       |       |       |       |       |       |       ||   100
       Short sword       |       |    99 |   252 |   942 |   352 |       |       |       |       ||  1645
       Dagger            |       |       |       |       |  1070 |  1259 |  2501 |  2305 |  2684 ||  9819
Throw: Throwing net      |       |     6 |     1 |     1 |     3 |     1 |     5 |     4 |     6 ||    27
Invok: Call Merchant     |       |       |       |       |       |     3 |       |     2 |     4 ||     9
 Abil: Evoke Blink       |       |       |       |       |       |       |     8 |       |       ||     8
Evoke: Wand              |       |       |       |     1 |     6 |     3 |    23 |    18 |     7 ||    58
       Condenser vane    |       |       |       |       |       |       |     4 |     2 |     3 ||     9
       Phial of floods   |       |       |       |       |       |       |     1 |       |       ||     1
       Phantom mirror    |       |       |       |       |       |       |       |       |     1 ||     1
  Use: Scroll            |       |     2 |     8 |    16 |     6 |     8 |    17 |    15 |    10 ||    82
       Potion            |       |     1 |       |     1 |     2 |     9 |     7 |     3 |    15 ||    38
 Stab: Sleeping          |    15 |    19 |     8 |    31 |    69 |    44 |    85 |   108 |    45 ||   424
       Held in net/web   |       |     2 |     1 |     2 |     2 |     1 |     3 |     3 |     3 ||    17
       Distracted        |       |       |       |    14 |    12 |    13 |    28 |    28 |    37 ||   132
       Paralysed         |       |       |       |       |     4 |     1 |     2 |     4 |     2 ||    13
       Fleeing           |       |       |       |       |       |       |     1 |       |       ||     1
       Petrified         |       |       |       |       |       |       |     1 |       |     1 ||     2
       Invisible         |       |       |       |       |       |       |       |       |     1 ||     1
Armor: Leather armour    |     8 |    10 |       |       |       |       |       |       |       ||    18
       Scale mail        |       |       |    76 |   121 |   230 |   126 |   305 |   359 |    64 ||  1281
       Shadow dragon sca |       |       |       |       |       |       |       |    13 |       ||    13
       Fire dragon scale |       |       |       |       |       |       |       |     7 |       ||     7
       Chain mail        |       |       |       |       |       |       |       |       |   492 ||   492
Dodge: Dodged            |    37 |    60 |   226 |   556 |   782 |   695 |  1448 |  1448 |  1438 ||  6690
Block: Buckler           |       |       |       |       |   235 |   290 |   696 |   616 |   707 ||  2544

Table legend: (Time is in decaauts)
 A = Elapsed time spent in this place.
 B = Non-inter-level travel time spent in this place.
 C = Inter-level travel time spent in this place.
 D = Time resting spent in this place.
 E = Time spent auto-exploring this place.
 F = Levels seen in this place.
 G = Mean time per level.
                   A        B        C        D        E       F      G
               +--------+--------+--------+--------+--------+-----+--------+
         Total |  66828 |  61370 |   5458 |   6351 |  36317 |  50 | 1336.6 |
       Dungeon |  19758 |  16949 |   2809 |   2698 |  11193 |  15 | 1317.2 |
        Temple |    233 |    233 |      0 |      0 |    203 |   1 |  233.0 |
          Lair |   7990 |   7551 |    439 |     40 |   6346 |   6 | 1331.7 |
        Shoals |   5878 |   5648 |    230 |    479 |   2685 |   4 | 1469.5 |
     Snake Pit |   5278 |   5000 |    278 |    322 |   3008 |   4 | 1319.5 |
  Orcish Mines |   1875 |   1747 |    128 |    118 |    540 |   2 |  937.5 |
   Elven Halls |    649 |    647 |      2 |      0 |    396 |   1 |  649.0 |
        Vaults |   9357 |   8570 |    787 |    533 |   5826 |   5 | 1871.4 |
         Crypt |   4659 |   4485 |    174 |    548 |   2343 |   3 | 1553.0 |
        Depths |   7953 |   7345 |    608 |    996 |   3096 |   4 | 1988.2 |
         Abyss |    266 |    266 |      0 |      4 |      0 |   1 |  266.0 |
       Ossuary |    223 |    223 |      0 |      0 |     40 |   1 |  223.0 |
        Bailey |    397 |    397 |      0 |      0 |      0 |   1 |  397.0 |
      Ice Cave |   1181 |   1181 |      0 |    511 |    112 |   1 | 1181.0 |
        Wizlab |   1125 |   1125 |      0 |    100 |    527 |   1 | 1125.0 |
               +--------+--------+--------+--------+--------+-----+--------+

Top non-repeatable levels by time:
Depths:1: 2717 daAuts
Depths:2: 2504 daAuts
     D:3: 2416 daAuts
 Crypt:3: 2234 daAuts
    D:11: 2120 daAuts
Vaults:3: 2060 daAuts
     D:4: 1960 daAuts
    D:15: 1919 daAuts
Vaults:4: 1914 daAuts
Vaults:5: 1892 daAuts
Vaults:2: 1831 daAuts
 Snake:2: 1801 daAuts
Vaults:1: 1658 daAuts
 Crypt:1: 1582 daAuts
Shoals:1: 1563 daAuts
